Patriotes vs Carnivores
Created - 10 mars 2017 at 19:01
Goals
|
| Patriotes |
2 |
2 |
2 |
6 |
| Carnivores |
0 |
1 |
2 |
3 |
|
Shots
|
| Patriotes |
9 |
16 |
14 |
39 |
| Carnivores |
9 |
8 |
5 |
22 |
|
1st period
1. Patriotes , Lauri Tukonen 16 (Melker Karlsson) at 2:51
2. Patriotes , Barry Tallackson 14 (Tomas Kurka) at 9:36
Penalties :
Colton Orr (Bre) for Holding (Minor) at 4:21
2nd period
3. Patriotes , Ryan Wilson 5 (Barry Tallackson, Fedor Fedorov) at 2:50 (PP)
4. Patriotes , Zenon Konopka 17 (Jordie Benn, Fedor Fedorov) at 6:43
5. Carnivores , Mikael Granlund 24 (Blake Geoffrion) at 19:39
Penalties :
Mat Clark (Bre) for Hooking (Minor) at 1:24, Timothy Kunes (Nyc) for High sticking (Minor) at 7:14, Brendan Gallagher (Bre) for Hooking (Minor) at 7:18, Sasha Pokulok (Bre) for Fighting (Major) at 10:40, Melker Karlsson (Nyc) for Fighting (Major) at 10:40, Lane MacDermid (Bre) for Cross-checking (Minor) at 11:43, Timothy Kunes (Nyc) for Tripping (Minor) at 15:35
3rd period
6. Patriotes , Tomas Kurka 20 (Andrew Gordon) at 0:19
7. Carnivores , Bobby Sanguinetti 5 (Mikael Granlund, Antti Raanta) at 3:45 (PP)
8. Patriotes , Christian Hanson 11 (Tomas Kurka, Andrew Gordon) at 8:09
9. Carnivores , Chris Lawrence 23 (Anton Gustafsson) at 18:00
Penalties :
Mat Clark (Bre) for Hooking (Minor) at 1:14, Anthony Bitetto (Nyc) for Tripping (Minor) at 3:22, Zenon Konopka (Nyc) for Hooking (Minor) at 10:28
Goalie Stats
Marek Schwarz (Nyc), 19 saves from 22 shots - (0,864), W, 22-20-3, 60:00 minutes
Antti Raanta (Bre), 17 saves from 19 shots - (0,895), 33:17 minutes
Chad Johnson (Bre), 16 saves from 20 shots - (0,800), L, 23-11-3, 26:43 minutes
Players Stats for Patriotes
Player Name G A P +/- PIM S H SB GA TA FO MP PP MP PK MP
------------------------------------------------------------------------------------
Andrew Gordon 0 2 2 0 0 5 1 0 0 0 1/1 23:53 4:18 2:01
Anthony Bitetto 0 0 0 1 2 0 2 2 0 0 0/0 19:18 3:06 1:39
Austin Watson 0 0 0 1 0 0 1 0 0 0 0/0 7:00 0:00 0:07
Barry Tallackson 1 1 2 2 0 5 1 0 0 0 0/1 17:05 3:09 1:03
Christian Hanson 1 0 1 0 0 4 1 0 0 0 23/38 20:33 4:18 0:03
Fedor Fedorov 0 2 2 2 0 1 1 0 0 1 0/2 16:14 3:05 1:14
Jared Knight 0 0 0 0 0 0 0 0 0 0 0/0 0:08 0:00 0:00
Jordie Benn 0 1 1 1 0 1 0 1 0 1 0/0 19:19 3:06 1:39
Lauri Tukonen 1 0 1 1 0 2 0 0 0 0 0/1 6:53 0:00 0:00
Mathieu Perreault 0 0 0 0 0 0 0 0 0 1 1/1 10:15 0:00 0:00
Matt Calvert 0 0 0 0 0 2 2 1 0 0 0/1 11:55 0:00 1:04
Mattias Weinhandl 0 0 0 0 0 2 0 1 1 0 2/2 12:45 0:04 1:03
Melker Karlsson 0 1 1 1 5 1 0 0 1 0 2/3 6:42 0:00 0:12
Mike Funk 0 0 0 2 0 0 0 0 0 1 0/0 13:27 0:04 0:00
Robbie Russo 0 0 0 0 0 0 0 0 0 0 0/0 4:34 0:00 0:41
Ryan Wilson 1 0 1 0 0 7 0 1 2 2 0/0 28:13 4:21 2:40
Stephen Johns 0 0 0 2 0 1 0 0 0 0 0/0 13:24 0:00 1:02
Timothy Kunes 0 0 0 0 4 2 1 1 0 1 0/0 22:58 4:21 1:09
Tomas Kurka 1 2 3 0 0 5 1 0 2 0 7/11 23:46 4:18 2:05
Zach Budish 0 0 0 0 0 0 0 0 0 0 0/0 0:30 0:00 0:00
Zenon Konopka 1 0 1 2 2 1 3 0 3 0 3/11 14:45 3:05 0:00
Players Stats for Carnivores
Player Name G A P +/- PIM S H SB GA TA FO MP PP MP PK MP
------------------------------------------------------------------------------------
Adam Almquist 0 0 0 0 0 0 0 0 0 0 0/0 3:54 0:00 0:00
Anton Gustafsson 0 1 1 -1 0 1 0 1 1 1 8/20 19:12 1:12 4:36
Blake Geoffrion 0 1 1 0 0 1 1 0 1 0 0/1 20:12 2:48 0:15
Bobby Sanguinetti 1 0 1 0 0 2 3 2 1 0 0/0 28:02 2:53 4:53
Brendan Gallagher 0 0 0 0 2 3 0 0 1 1 3/3 20:45 2:49 1:52
Chris Lawrence 1 0 1 -1 0 2 2 2 0 0 0/1 14:49 1:15 0:00
Colton Orr 0 0 0 0 2 0 4 0 0 0 0/1 10:39 0:00 0:50
Jeremy Welsh 0 0 0 -1 0 1 2 0 0 2 0/0 14:04 1:12 0:00
Lane MacDermid 0 0 0 0 2 1 2 0 0 0 0/0 13:23 0:12 3:25
Mark McNeill 0 0 0 -2 0 2 1 1 0 0 0/0 8:09 0:32 0:04
Markus Granlund 0 0 0 0 0 0 0 0 0 0 2/5 10:34 0:29 0:04
Mat Clark 0 0 0 -2 4 1 0 0 0 2 0/0 15:17 1:32 0:00
Mattias Backman 0 0 0 -1 0 0 0 0 0 0 0/0 12:20 0:00 0:32
Michael Schumacher 0 0 0 -2 0 0 0 0 0 0 0/0 8:41 0:00 1:09
Mikael Granlund 1 1 2 0 0 5 3 0 0 0 19/35 20:46 2:45 0:47
Nate Schmidt 0 0 0 0 0 0 0 1 0 1 0/0 30:12 2:53 5:22
Phil Oreskovic 0 0 0 -2 0 0 1 0 2 0 0/0 18:04 1:32 2:34
Sasha Pokulok 0 0 0 -1 5 0 2 0 1 1 0/0 12:08 0:00 1:33
Zach Jones 0 0 0 0 0 0 0 0 0 0 0/0 0:00 0:00 0:00
Zack Smith 0 0 0 -2 0 3 1 1 0 1 1/6 9:21 0:00 1:52
3 Stars
1 - Tomas Kurka (Nyc)
2 - Barry Tallackson (Nyc)
3 - Mikael Granlund (Bre)
Power Play
Patriotes - 1 on 5 Attempt(s) - 20,00%
Carnivores - 1 on 4 Attempt(s) - 25,00%
Penalty Kill
Patriotes - 3 on 4 Attempt(s) - 75,00%
- Score 0 goal in Penalty Kill
Carnivores - 4 on 5 Attempt(s) - 80,00%
- Score 0 goal in Penalty Kill
Team Stat
Patriotes - Hits : 14 - Faceoff Wins : 39 - Blocked Shots : 7 - Penalty Minutes : 13
Carnivores - Hits : 22 - Faceoff Wins : 33 - Blocked Shots : 8 - Penalty Minutes : 15
Official
Referees : Joannette Marc and Marouelli Dan
Linesman : Scott Driscoll and Derek Amell
Game Notes
19:42 of 1st period - Carnivores goal is going for a video replay. After video review, No Goal. The puck has been directed, batted or thrown into the net by an attacking player other than with a stick.
Antti Raanta enters game at 6:43 of 2nd period
Melker Karlsson beats up Sasha Pokulok at 10:40 of 2nd period
Finance
Level 1 -- Attendance: 1353 (67,65%) -- Ticket Income 54 120 $
Level 2 -- Attendance: 683 (68,30%) -- Ticket Income 13 660 $
Total Attendance: 2036 (67,87%)
Total Ticket Income: 67 780 $
Other Income: 3 389 $
Total Income: 71 169 $
Patriotes
5 vs 5 Forward
Center Left Wing Right Wing Time % Phy DF OF
1 Christian Hanson Tomas Kurka Andrew Gordon 40 1 2 2
2 Zenon Konopka Fedor Fedorov Barry Tallackson 30 1 2 2
3 Mathieu Perreault Matt Calvert Mattias Weinhandl 20 1 2 2
4 Melker Karlsson Austin Watson Lauri Tukonen 10 1 2 2
5 vs 5 Defense
Defense Defense Time % Phy DF OF
1 Ryan Wilson Timothy Kunes 40 1 2 2
2 Jordie Benn Anthony Bitetto 30 1 2 2
3 Mike Funk Stephen Johns 20 1 2 2
4 Robbie Russo Ryan Wilson 10 1 2 2
PowerPlay Forward
Center Left Wing Right Wing Time % Phy DF OF
1 Christian Hanson Tomas Kurka Andrew Gordon 60 1 2 2
2 Zenon Konopka Fedor Fedorov Barry Tallackson 40 1 2 2
PowerPlay Defense
Defense Defense Time % Phy DF OF
1 Ryan Wilson Timothy Kunes 60 1 2 2
2 Jordie Benn Anthony Bitetto 40 1 2 2
Penalty Kill 4 Players Forward
Center Wing Time % Phy DF OF
1 Tomas Kurka Andrew Gordon 60 1 2 2
2 Barry Tallackson Mattias Weinhandl 40 1 2 2
Penalty Kill 4 Players Defense
Defense Defense Time % Phy DF OF
1 Ryan Wilson Timothy Kunes 60 1 2 2
2 Jordie Benn Anthony Bitetto 40 1 2 2
Penalty Kill - 3 Players Forward
Forward Time % Phy DF OF
1 Tomas Kurka 60 1 2 2
2 Andrew Gordon 40 1 2 2
Penalty Kill - 3 Players Defense
Defense Defense Time % Phy DF OF
1 Ryan Wilson Timothy Kunes 60 1 2 2
2 Jordie Benn Anthony Bitetto 40 1 2 2
4 vs 4 Forward
Center Wing Time % Phy DF OF
1 Tomas Kurka Andrew Gordon 60 1 2 2
2 Barry Tallackson Mattias Weinhandl 40 1 2 2
4 vs 4 Defense
Defense Defense Time % Phy DF OF
1 Ryan Wilson Timothy Kunes 60 1 2 2
2 Jordie Benn Anthony Bitetto 40 1 2 2
Last Minutes Offensive
Center Left Wing Right Wing Defense Defense
Christian Hanson Tomas Kurka Andrew Gordon Ryan Wilson Timothy Kunes
Last Minutes Defensive
Center Left Wing Right Wing Defense Defense
Christian Hanson Tomas Kurka Andrew Gordon Ryan Wilson Timothy Kunes
Goaltenders
Starting : Marek Schwarz
Backup : Jason Missiaen
Extra Forwards
Normal : Zach Budish, Jared Knight, Matt Calvert - PP : Zach Budish, Jared Knight - PK : Matt Calvert
Extra Defensemen
Normal : Mike Funk, Stephen Johns, Robbie Russo - PP : Mike Funk - PK : Stephen Johns, Robbie Russo
Penalty Shots
Tomas Kurka, Andrew Gordon, Barry Tallackson, Mattias Weinhandl, Fedor Fedorov
Carnivores
5 vs 5 Forward
Center Left Wing Right Wing Time % Phy DF OF
1 Mikael Granlund Blake Geoffrion Brendan Gallagher 40 1 2 2
2 Anton Gustafsson Jeremy Welsh Chris Lawrence 30 1 2 2
3 Markus Granlund Lane MacDermid Colton Orr 20 1 2 2
4 Zack Smith Michael Schumacher Mark McNeill 10 1 2 2
5 vs 5 Defense
Defense Defense Time % Phy DF OF
1 Bobby Sanguinetti Nate Schmidt 40 1 2 2
2 Mat Clark Phil Oreskovic 30 1 2 2
3 Mattias Backman Sasha Pokulok 20 1 2 2
4 Adam Almquist Nate Schmidt 10 1 2 2
PowerPlay Forward
Center Left Wing Right Wing Time % Phy DF OF
1 Mikael Granlund Blake Geoffrion Brendan Gallagher 60 1 1 3
2 Anton Gustafsson Jeremy Welsh Chris Lawrence 40 1 1 3
PowerPlay Defense
Defense Defense Time % Phy DF OF
1 Bobby Sanguinetti Nate Schmidt 60 1 2 2
2 Mat Clark Phil Oreskovic 40 1 2 2
Penalty Kill 4 Players Forward
Center Wing Time % Phy DF OF
1 Anton Gustafsson Lane MacDermid 60 1 2 2
2 Zack Smith Brendan Gallagher 40 1 2 2
Penalty Kill 4 Players Defense
Defense Defense Time % Phy DF OF
1 Bobby Sanguinetti Nate Schmidt 60 1 2 2
2 Sasha Pokulok Phil Oreskovic 40 1 2 2
Penalty Kill - 3 Players Forward
Forward Time % Phy DF OF
1 Chris Lawrence 60 1 2 2
2 Zack Smith 40 1 2 2
Penalty Kill - 3 Players Defense
Defense Defense Time % Phy DF OF
1 Bobby Sanguinetti Nate Schmidt 60 1 2 2
2 Sasha Pokulok Phil Oreskovic 40 1 2 2
4 vs 4 Forward
Center Wing Time % Phy DF OF
1 Mikael Granlund Blake Geoffrion 60 1 2 2
2 Anton Gustafsson Chris Lawrence 40 1 2 2
4 vs 4 Defense
Defense Defense Time % Phy DF OF
1 Bobby Sanguinetti Nate Schmidt 60 1 2 2
2 Phil Oreskovic Sasha Pokulok 40 1 2 2
Last Minutes Offensive
Center Left Wing Right Wing Defense Defense
Mikael Granlund Blake Geoffrion Brendan Gallagher Bobby Sanguinetti Nate Schmidt
Last Minutes Defensive
Center Left Wing Right Wing Defense Defense
Anton Gustafsson Blake Geoffrion Brendan Gallagher Bobby Sanguinetti Nate Schmidt
Goaltenders
Starting : Chad Johnson
Backup : Antti Raanta
Extra Forwards
Normal : Markus Granlund, Mark McNeill, Zack Smith - PP : Markus Granlund, Mark McNeill - PK : Colton Orr
Extra Defensemen
Normal : Mat Clark, Mattias Backman, Nate Schmidt - PP : Mat Clark - PK : Nate Schmidt, Bobby Sanguinetti
Penalty Shots
Blake Geoffrion, Brendan Gallagher, Chris Lawrence, Colton Orr, Zack Smith
% Time on Ice - Patriotes
Lines # - Real PCT - Wanted PCT - Time Play
Normal Forward
1 - 36% - 40% - 16:48
2 - 27% - 30% - 12:17
3 - 22% - 20% - 10:15
4 - 15% - 10% - 6:53
Normal Defense
1 - 41% - 40% - 18:52
2 - 31% - 30% - 14:15
3 - 24% - 20% - 11:00
4 - 5% - 10% - 2:06
PP Forward
1 - 58% - 60% - 4:18
2 - 42% - 40% - 3:09
PP Defense
1 - 58% - 60% - 4:21
2 - 42% - 40% - 3:06
PK Forward
1 - 76% - 60% - 3:22
2 - 24% - 40% - 1:03
PK Defense
1 - 63% - 60% - 2:46
2 - 37% - 40% - 1:39
PK3 Forward
1 - 0% - 60%
2 - 0% - 40%
PK3 Defense
1 - 0% - 60%
2 - 0% - 40%
44 Forward
1 - 69% - 60% - 1:19
2 - 31% - 40% - 0:36
44 Defense
1 - 83% - 60% - 1:36
2 - 17% - 40% - 0:19
Last Minute Offensive - 0:00
Last Minute Defensive - 0:00
Total
Forward - 60:00
Defense - 60:00
|
% Time on Ice - Carnivores
Lines # - Real PCT - Wanted PCT - Time Play
Normal Forward
1 - 35% - 40% - 16:07
2 - 28% - 30% - 12:54
3 - 21% - 20% - 9:45
4 - 16% - 10% - 7:27
Normal Defense
1 - 40% - 40% - 18:18
2 - 30% - 30% - 14:01
3 - 23% - 20% - 10:25
4 - 8% - 10% - 3:29
PP Forward
1 - 72% - 60% - 3:10
2 - 28% - 40% - 1:15
PP Defense
1 - 65% - 60% - 2:53
2 - 35% - 40% - 1:32
PK Forward
1 - 75% - 60% - 5:35
2 - 25% - 40% - 1:52
PK Defense
1 - 62% - 60% - 4:36
2 - 38% - 40% - 2:51
PK3 Forward
1 - 0% - 60%
2 - 0% - 40%
PK3 Defense
1 - 0% - 60%
2 - 0% - 40%
44 Forward
1 - 72% - 60% - 1:23
2 - 28% - 40% - 0:32
44 Defense
1 - 69% - 60% - 1:19
2 - 31% - 40% - 0:36
Last Minute Offensive - 0:00
Last Minute Defensive - 0:00
Total
Forward - 60:00
Defense - 60:00
|
Play by Play
1st period
0:01 of 1st period - Mikael Granlund wins face-off versus Christian Hanson in neutral zone.
0:04 of 1st period - Slapshot by Mikael Granlund.
0:04 of 1st period - Stopped by Marek Schwarz with a rebound.
0:26 of 1st period - Zenon Konopka is hit by Chris Lawrence and loses puck.
0:45 of 1st period - Snap shot by Colton Orr.
0:45 of 1st period - Shot Blocked by Jordie Benn.
0:47 of 1st period - Slapshot by Bobby Sanguinetti.
0:47 of 1st period - Shot Misses the Net.
0:49 of 1st period - Slapshot by Bobby Sanguinetti.
0:49 of 1st period - Deflect By Colton Orr.
0:49 of 1st period - Shot Blocked by Matt Calvert.
0:49 of 1st period - Puck is out of play.
0:50 of 1st period - Melker Karlsson wins face-off versus Markus Granlund in Patriotes zone.
0:58 of 1st period - Off-side.
0:59 of 1st period - Zack Smith wins face-off versus Melker Karlsson in neutral zone.
1:10 of 1st period - Wrist shot by Zack Smith.
1:10 of 1st period - Shot Misses the Net.
1:30 of 1st period - Snap shot by Lauri Tukonen.
1:30 of 1st period - Deflect By Phil Oreskovic.
1:30 of 1st period - Shot Misses the Net.
1:30 of 1st period - Puck is out of play.
1:31 of 1st period - Christian Hanson wins face-off versus Mikael Granlund in Carnivores zone.
1:36 of 1st period - Wrist shot by Tomas Kurka.
1:36 of 1st period - Stopped by Chad Johnson without a rebound.
1:37 of 1st period - Christian Hanson wins face-off versus Anton Gustafsson in Carnivores zone.
2:22 of 1st period - Jordie Benn is hit by Colton Orr and loses puck.
2:33 of 1st period - Jordie Benn is hit by Sasha Pokulok.
2:45 of 1st period - Slapshot by Melker Karlsson.
2:45 of 1st period - Shot Blocked by Mark McNeill.
2:47 of 1st period - Snap shot by Lauri Tukonen.
2:47 of 1st period - Shot Misses the Net.
2:49 of 1st period - Wrist shot by Lauri Tukonen.
2:49 of 1st period - Shot Blocked by Zack Smith.
2:51 of 1st period - Slapshot by Lauri Tukonen.
2:51 of 1st period - Goal by Lauri Tukonen - Patriotes : 1 - Carnivores : 0.
2:52 of 1st period - Christian Hanson wins face-off versus Mikael Granlund in neutral zone.
3:04 of 1st period - Wrist shot by Andrew Gordon.
3:04 of 1st period - Stopped by Chad Johnson without a rebound.
3:05 of 1st period - Anton Gustafsson wins face-off versus Zenon Konopka in Carnivores zone.
4:21 of 1st period - Minor Penalty to Colton Orr for Holding.
4:22 of 1st period - Christian Hanson wins face-off versus Anton Gustafsson in Carnivores zone.
5:08 of 1st period - Snap shot by Brendan Gallagher.
5:08 of 1st period - Deflect By Zack Smith.
5:08 of 1st period - Shot Blocked by Anthony Bitetto.
5:08 of 1st period - Puck is out of play.
5:09 of 1st period - Brendan Gallagher wins face-off versus Christian Hanson in Patriotes zone.
5:34 of 1st period - Anton Gustafsson is hit by Fedor Fedorov.
6:21 of 1st period - Penalty to Colton Orr is over, Colton Orr is back on ice.
6:31 of 1st period - Snap shot by Chris Lawrence.
6:31 of 1st period - Shot Misses the Net.
6:56 of 1st period - Snap shot by Mattias Weinhandl.
6:56 of 1st period - Stopped by Chad Johnson without a rebound.
6:57 of 1st period - Mathieu Perreault wins face-off versus Zack Smith in Carnivores zone.
7:00 of 1st period - Snap shot by Matt Calvert.
7:00 of 1st period - Stopped by Chad Johnson with a rebound.
7:33 of 1st period - Stephen Johns is hit by Sasha Pokulok and loses puck.
7:58 of 1st period - Snap shot by Zack Smith.
7:58 of 1st period - Shot Misses the Net.
8:00 of 1st period - Slapshot by Sasha Pokulok.
8:00 of 1st period - Deflect By Mark McNeill.
8:00 of 1st period - Stopped by Marek Schwarz without a rebound.
8:01 of 1st period - Mikael Granlund wins face-off versus Christian Hanson in Patriotes zone.
8:10 of 1st period - Snap shot by Brendan Gallagher.
8:10 of 1st period - Stopped by Marek Schwarz with a rebound.
8:36 of 1st period - Snap shot by Lauri Tukonen.
8:36 of 1st period - Shot Blocked by Bobby Sanguinetti.
8:48 of 1st period - Jordie Benn is hit by Jeremy Welsh and loses puck.
9:25 of 1st period - Jordie Benn is hit by Lane MacDermid and loses puck.
9:36 of 1st period - Wrist shot by Barry Tallackson.
9:36 of 1st period - Goal by Barry Tallackson - Patriotes : 2 - Carnivores : 0.
9:37 of 1st period - Christian Hanson wins face-off versus Mikael Granlund in neutral zone.
10:02 of 1st period - Fedor Fedorov is hit by Chris Lawrence.
10:10 of 1st period - Slapshot by Ryan Wilson.
10:10 of 1st period - Stopped by Chad Johnson without a rebound.
10:11 of 1st period - Christian Hanson wins face-off versus Anton Gustafsson in Carnivores zone.
12:06 of 1st period - Snap shot by Jeremy Welsh.
12:06 of 1st period - Shot Misses the Net.
12:33 of 1st period - Colton Orr is hit by Matt Calvert.
14:12 of 1st period - Ryan Wilson is hit by Mark McNeill and loses puck.
14:32 of 1st period - Wrist shot by Fedor Fedorov.
14:32 of 1st period - Stopped by Chad Johnson without a rebound.
14:33 of 1st period - Mikael Granlund wins face-off versus Zenon Konopka in Carnivores zone.
14:52 of 1st period - Phil Oreskovic is hit by Timothy Kunes.
15:00 of 1st period - Zenon Konopka is hit by Mikael Granlund and loses puck.
15:23 of 1st period - Barry Tallackson is hit by Mikael Granlund and loses puck.
15:50 of 1st period - Brendan Gallagher is hit by Zenon Konopka and loses puck.
16:21 of 1st period - Wrist shot by Brendan Gallagher.
16:21 of 1st period - Stopped by Marek Schwarz with a rebound.
16:23 of 1st period - Slapshot by Bobby Sanguinetti.
16:23 of 1st period - Deflect By Blake Geoffrion.
16:23 of 1st period - Stopped by Marek Schwarz with a rebound.
16:27 of 1st period - Snap shot by Mikael Granlund.
16:27 of 1st period - Stopped by Marek Schwarz without a rebound.
16:28 of 1st period - Tomas Kurka wins face-off versus Anton Gustafsson in Patriotes zone.
18:25 of 1st period - Icing by Ryan Wilson.
18:26 of 1st period - Christian Hanson wins face-off versus Zack Smith in Patriotes zone.
18:57 of 1st period - Chris Lawrence is hit by Anthony Bitetto and loses puck.
19:10 of 1st period - Snap shot by Lane MacDermid.
19:10 of 1st period - Stopped by Marek Schwarz with a rebound.
19:30 of 1st period - Snap shot by Tomas Kurka.
19:30 of 1st period - Stopped by Chad Johnson without a rebound.
19:31 of 1st period - Christian Hanson wins face-off versus Zack Smith in Carnivores zone.
19:40 of 1st period - Snap shot by Zack Smith.
19:40 of 1st period - Stopped by Marek Schwarz with a rebound.
19:42 of 1st period - Slapshot by Mark McNeill.
19:42 of 1st period - Carnivores goal is going for a video replay.
19:42 of 1st period - The goal is refused. The puck has been directed, batted or thrown into the net by an attacking player other than with a stick..
19:43 of 1st period - Christian Hanson wins face-off versus Mikael Granlund in Patriotes zone.
19:43 of 1st period - Christian Hanson is hit by Blake Geoffrion.
19:51 of 1st period - Snap shot by Blake Geoffrion.
19:51 of 1st period - Shot Misses the Net.
19:53 of 1st period - Snap shot by Brendan Gallagher.
19:53 of 1st period - Shot Hit the Post.
19:55 of 1st period - Slapshot by Nate Schmidt.
19:55 of 1st period - Shot Blocked by Timothy Kunes.
19:57 of 1st period - Wrist shot by Brendan Gallagher.
19:57 of 1st period - Shot Misses the Net.
Goals for this period are 2 for Patriotes vs 0 for Carnivores.
Shots for this period are 9 for Patriotes vs 9 for Carnivores.
2nd period
0:01 of 2nd period - Christian Hanson wins face-off versus Anton Gustafsson in neutral zone.
0:36 of 2nd period - Off-side.
0:37 of 2nd period - Christian Hanson wins face-off versus Markus Granlund in neutral zone.
0:39 of 2nd period - Off-side.
0:40 of 2nd period - Markus Granlund wins face-off versus Christian Hanson in neutral zone.
0:55 of 2nd period - Wrist shot by Colton Orr.
0:55 of 2nd period - Shot Misses the Net.
1:11 of 2nd period - Slapshot by Zenon Konopka.
1:11 of 2nd period - Deflect By Nate Schmidt.
1:11 of 2nd period - Shot Misses the Net.
1:11 of 2nd period - Puck is out of play.
1:12 of 2nd period - Anton Gustafsson wins face-off versus Fedor Fedorov in Carnivores zone.
1:17 of 2nd period - Wrist shot by Anton Gustafsson.
1:17 of 2nd period - Stopped by Marek Schwarz with a rebound.
1:24 of 2nd period - Minor Penalty to Mat Clark for Hooking.
1:25 of 2nd period - Christian Hanson wins face-off versus Anton Gustafsson in Carnivores zone.
1:33 of 2nd period - Backhand shot by Ryan Wilson.
1:33 of 2nd period - Stopped by Chad Johnson with a rebound.
1:35 of 2nd period - Snap shot by Timothy Kunes.
1:35 of 2nd period - Stopped by Chad Johnson with a rebound.
1:37 of 2nd period - Wrist shot by Andrew Gordon.
1:37 of 2nd period - Stopped by Chad Johnson without a rebound.
1:38 of 2nd period - Christian Hanson wins face-off versus Anton Gustafsson in Carnivores zone.
1:43 of 2nd period - Snap shot by Christian Hanson.
1:43 of 2nd period - Stopped by Chad Johnson without a rebound.
1:44 of 2nd period - Anton Gustafsson wins face-off versus Christian Hanson in Carnivores zone.
1:53 of 2nd period - Slapshot by Ryan Wilson.
1:53 of 2nd period - Stopped by Chad Johnson without a rebound.
1:54 of 2nd period - Anton Gustafsson wins face-off versus Christian Hanson in Carnivores zone.
2:05 of 2nd period - Nate Schmidt is hit by Christian Hanson and loses puck.
2:12 of 2nd period - Ryan Wilson is hit by Bobby Sanguinetti and loses puck.
2:25 of 2nd period - Timothy Kunes is hit by Bobby Sanguinetti.
2:50 of 2nd period - Wrist shot by Ryan Wilson.
2:50 of 2nd period - Goal by Ryan Wilson - Patriotes : 3 - Carnivores : 0.
2:51 of 2nd period - Mikael Granlund wins face-off versus Christian Hanson in neutral zone.
3:00 of 2nd period - Snap shot by Brendan Gallagher.
3:00 of 2nd period - Stopped by Marek Schwarz without a rebound.
3:01 of 2nd period - Mikael Granlund wins face-off versus Christian Hanson in Patriotes zone.
3:02 of 2nd period - Snap shot by Blake Geoffrion.
3:02 of 2nd period - Shot Blocked by Anthony Bitetto.
3:11 of 2nd period - Snap shot by Tomas Kurka.
3:11 of 2nd period - Shot Misses the Net.
3:15 of 2nd period - Snap shot by Tomas Kurka.
3:15 of 2nd period - Stopped by Chad Johnson with a rebound.
3:17 of 2nd period - Slapshot by Jordie Benn.
3:17 of 2nd period - Stopped by Chad Johnson with a rebound.
3:19 of 2nd period - Slapshot by Christian Hanson.
3:19 of 2nd period - Deflect By Bobby Sanguinetti.
3:19 of 2nd period - Stopped by Chad Johnson with a rebound.
3:47 of 2nd period - Snap shot by Blake Geoffrion.
3:47 of 2nd period - Shot Misses the Net.
3:57 of 2nd period - Snap shot by Mikael Granlund.
3:57 of 2nd period - Shot Misses the Net.
4:06 of 2nd period - Icing by Bobby Sanguinetti.
4:07 of 2nd period - Mikael Granlund wins face-off versus Zenon Konopka in Carnivores zone.
4:47 of 2nd period - Slapshot by Chris Lawrence.
4:47 of 2nd period - Shot Blocked by Mattias Weinhandl.
5:49 of 2nd period - Snap shot by Matt Calvert.
5:49 of 2nd period - Shot Misses the Net.
5:59 of 2nd period - Slapshot by Matt Calvert.
5:59 of 2nd period - Shot Misses the Net.
6:05 of 2nd period - Snap shot by Matt Calvert.
6:05 of 2nd period - Stopped by Chad Johnson without a rebound.
6:06 of 2nd period - Christian Hanson wins face-off versus Chris Lawrence in Carnivores zone.
6:32 of 2nd period - Phil Oreskovic is hit by Barry Tallackson and loses puck.
6:41 of 2nd period - Snap shot by Fedor Fedorov.
6:41 of 2nd period - Shot Misses the Net.
6:43 of 2nd period - Slapshot by Jordie Benn.
6:43 of 2nd period - Deflect By Zenon Konopka.
6:43 of 2nd period - Goal by Zenon Konopka - Patriotes : 4 - Carnivores : 0.
6:43 of 2nd period - Antti Raanta enters game.
6:44 of 2nd period - Anton Gustafsson wins face-off versus Christian Hanson in neutral zone.
6:53 of 2nd period - Off-side.
6:54 of 2nd period - Christian Hanson wins face-off versus Anton Gustafsson in neutral zone.
7:05 of 2nd period - Wrist shot by Jeremy Welsh.
7:05 of 2nd period - Stopped by Marek Schwarz without a rebound.
7:06 of 2nd period - Mikael Granlund wins face-off versus Christian Hanson in Patriotes zone.
7:14 of 2nd period - Minor Penalty to Timothy Kunes for High sticking.
7:15 of 2nd period - Brendan Gallagher wins face-off versus Tomas Kurka in Patriotes zone.
7:18 of 2nd period - Minor Penalty to Brendan Gallagher for Hooking.
7:19 of 2nd period - Tomas Kurka wins face-off versus Mikael Granlund in Carnivores zone.
7:21 of 2nd period - Snap shot by Tomas Kurka.
7:21 of 2nd period - Shot Misses the Net.
7:33 of 2nd period - Wrist shot by Blake Geoffrion.
7:33 of 2nd period - Shot Misses the Net.
8:07 of 2nd period - Snap shot by Mattias Weinhandl.
8:07 of 2nd period - Shot Blocked by Chris Lawrence.
8:09 of 2nd period - Snap shot by Barry Tallackson.
8:09 of 2nd period - Stopped by Antti Raanta without a rebound.
8:10 of 2nd period - Tomas Kurka wins face-off versus Mikael Granlund in Carnivores zone.
9:12 of 2nd period - Snap shot by Markus Granlund.
9:12 of 2nd period - Shot Misses the Net.
9:14 of 2nd period - Penalty to Timothy Kunes is over, Timothy Kunes is back on ice.
9:14 of 2nd period - Slapshot by Bobby Sanguinetti.
9:14 of 2nd period - Shot Misses the Net.
9:18 of 2nd period - Penalty to Brendan Gallagher is over, Brendan Gallagher is back on ice.
10:04 of 2nd period - Backhand shot by Mattias Weinhandl.
10:04 of 2nd period - Stopped by Antti Raanta without a rebound.
10:05 of 2nd period - Melker Karlsson wins face-off versus Mikael Granlund in Carnivores zone.
10:27 of 2nd period - Icing by Lauri Tukonen.
10:28 of 2nd period - Markus Granlund wins face-off versus Lauri Tukonen in Patriotes zone.
10:40 of 2nd period - Melker Karlsson beats up Sasha Pokulok.
10:40 of 2nd period - Penalty to Sasha Pokulok for Fighting.
10:40 of 2nd period - Penalty to Melker Karlsson for Fighting.
10:41 of 2nd period - Christian Hanson wins face-off versus Mikael Granlund in neutral zone.
10:55 of 2nd period - Slapshot by Bobby Sanguinetti.
10:55 of 2nd period - Shot Misses the Net.
11:26 of 2nd period - Anthony Bitetto is hit by Colton Orr and loses puck.
11:43 of 2nd period - Minor Penalty to Lane MacDermid for Cross-checking.
11:44 of 2nd period - Christian Hanson wins face-off versus Anton Gustafsson in Carnivores zone.
11:47 of 2nd period - Wrist shot by Tomas Kurka.
11:47 of 2nd period - Shot Blocked by Anton Gustafsson.
12:09 of 2nd period - Wrist shot by Barry Tallackson.
12:09 of 2nd period - Deflect By Bobby Sanguinetti.
12:09 of 2nd period - Stopped by Antti Raanta without a rebound.
12:10 of 2nd period - Anton Gustafsson wins face-off versus Fedor Fedorov in Carnivores zone.
12:19 of 2nd period - Snap shot by Anton Gustafsson.
12:19 of 2nd period - Shot Misses the Net.
13:43 of 2nd period - Penalty to Lane MacDermid is over, Lane MacDermid is back on ice.
13:52 of 2nd period - Snap shot by Matt Calvert.
13:52 of 2nd period - Shot Misses the Net.
14:28 of 2nd period - Snap shot by Zack Smith.
14:28 of 2nd period - Shot Misses the Net.
14:32 of 2nd period - Wrist shot by Michael Schumacher.
14:32 of 2nd period - Shot Misses the Net.
14:56 of 2nd period - Mattias Weinhandl is hit by Lane MacDermid and loses puck.
15:35 of 2nd period - Minor Penalty to Timothy Kunes for Tripping.
15:36 of 2nd period - Mikael Granlund wins face-off versus Tomas Kurka in Patriotes zone.
15:39 of 2nd period - Snap shot by Mikael Granlund.
15:39 of 2nd period - Stopped by Marek Schwarz with a rebound.
15:40 of 2nd period - Penalty to Melker Karlsson is over, Melker Karlsson is back on ice.
15:41 of 2nd period - Wrist shot by Mikael Granlund.
15:41 of 2nd period - Deflect By Tomas Kurka.
15:41 of 2nd period - Shot Misses the Net.
15:41 of 2nd period - Puck is out of play.
15:42 of 2nd period - Andrew Gordon wins face-off versus Mikael Granlund in Patriotes zone.
15:42 of 2nd period - Andrew Gordon is hit by Mikael Granlund.
15:49 of 2nd period - Icing by Brendan Gallagher.
15:50 of 2nd period - Mikael Granlund wins face-off versus Tomas Kurka in Carnivores zone.
15:55 of 2nd period - Backhand shot by Bobby Sanguinetti.
15:55 of 2nd period - Stopped by Marek Schwarz without a rebound.
15:56 of 2nd period - Tomas Kurka wins face-off versus Mikael Granlund in Patriotes zone.
16:04 of 2nd period - Off-side.
16:05 of 2nd period - Tomas Kurka wins face-off versus Mikael Granlund in neutral zone.
17:33 of 2nd period - Icing by Mikael Granlund.
17:34 of 2nd period - Mikael Granlund wins face-off versus Matt Calvert in Carnivores zone.
17:35 of 2nd period - Penalty to Timothy Kunes is over, Timothy Kunes is back on ice.
17:53 of 2nd period - Snap shot by Zack Smith.
17:53 of 2nd period - Stopped by Marek Schwarz with a rebound.
17:55 of 2nd period - Wrist shot by Mark McNeill.
17:55 of 2nd period - Shot Blocked by Ryan Wilson.
17:59 of 2nd period - Backhand shot by Zack Smith.
17:59 of 2nd period - Stopped by Marek Schwarz without a rebound.
18:00 of 2nd period - Christian Hanson wins face-off versus Anton Gustafsson in Patriotes zone.
18:15 of 2nd period - Snap shot by Tomas Kurka.
18:15 of 2nd period - Deflect By Christian Hanson.
18:15 of 2nd period - Stopped by Antti Raanta without a rebound.
18:16 of 2nd period - Mikael Granlund wins face-off versus Zenon Konopka in Carnivores zone.
18:16 of 2nd period - Mikael Granlund is hit by Zenon Konopka.
18:24 of 2nd period - Snap shot by Barry Tallackson.
18:24 of 2nd period - Stopped by Antti Raanta without a rebound.
18:25 of 2nd period - Mikael Granlund wins face-off versus Zenon Konopka in Carnivores zone.
18:49 of 2nd period - Icing by Bobby Sanguinetti.
18:50 of 2nd period - Mikael Granlund wins face-off versus Christian Hanson in Carnivores zone.
19:12 of 2nd period - Icing by Bobby Sanguinetti.
19:13 of 2nd period - Mattias Weinhandl wins face-off versus Mikael Granlund in Carnivores zone.
19:19 of 2nd period - Icing by Nate Schmidt.
19:20 of 2nd period - Mikael Granlund wins face-off versus Zenon Konopka in Carnivores zone.
19:20 of 2nd period - Mikael Granlund is hit by Zenon Konopka.
19:39 of 2nd period - Backhand shot by Mikael Granlund.
19:39 of 2nd period - Goal by Mikael Granlund - Patriotes : 4 - Carnivores : 1.
19:40 of 2nd period - Christian Hanson wins face-off versus Anton Gustafsson in neutral zone.
19:58 of 2nd period - Icing by Christian Hanson.
19:59 of 2nd period - Mikael Granlund wins face-off versus Christian Hanson in Patriotes zone.
Goals for this period are 2 for Patriotes vs 1 for Carnivores.
Shots for this period are 16 for Patriotes vs 8 for Carnivores.
3rd period
0:01 of 3rd period - Mikael Granlund wins face-off versus Christian Hanson in neutral zone.
0:12 of 3rd period - Bobby Sanguinetti is hit by Andrew Gordon.
0:13 of 3rd period - Icing by Bobby Sanguinetti.
0:14 of 3rd period - Tomas Kurka wins face-off versus Mikael Granlund in Carnivores zone.
0:19 of 3rd period - Wrist shot by Tomas Kurka.
0:19 of 3rd period - Goal by Tomas Kurka - Patriotes : 5 - Carnivores : 1.
0:20 of 3rd period - Brendan Gallagher wins face-off versus Christian Hanson in neutral zone.
0:25 of 3rd period - Snap shot by Brendan Gallagher.
0:25 of 3rd period - Shot Misses the Net.
1:14 of 3rd period - Minor Penalty to Mat Clark for Hooking.
1:15 of 3rd period - Christian Hanson wins face-off versus Anton Gustafsson in Carnivores zone.
1:51 of 3rd period - Slapshot by Barry Tallackson.
1:51 of 3rd period - Stopped by Antti Raanta without a rebound.
1:52 of 3rd period - Christian Hanson wins face-off versus Zack Smith in Carnivores zone.
2:27 of 3rd period - Slapshot by Ryan Wilson.
2:27 of 3rd period - Shot Misses the Net.
2:41 of 3rd period - Slapshot by Ryan Wilson.
2:41 of 3rd period - Stopped by Antti Raanta without a rebound.
2:42 of 3rd period - Anton Gustafsson wins face-off versus Zenon Konopka in Carnivores zone.
3:14 of 3rd period - Penalty to Mat Clark is over, Mat Clark is back on ice.
3:22 of 3rd period - Minor Penalty to Anthony Bitetto for Tripping.
3:23 of 3rd period - Mikael Granlund wins face-off versus Tomas Kurka in Patriotes zone.
3:25 of 3rd period - Wrist shot by Mikael Granlund.
3:25 of 3rd period - Stopped by Marek Schwarz with a rebound.
3:27 of 3rd period - Snap shot by Mat Clark.
3:27 of 3rd period - Deflect By Timothy Kunes.
3:27 of 3rd period - Stopped by Marek Schwarz with a rebound.
3:33 of 3rd period - Snap shot by Blake Geoffrion.
3:33 of 3rd period - Deflect By Mikael Granlund.
3:33 of 3rd period - Shot Misses the Net.
3:33 of 3rd period - Puck is out of play.
3:34 of 3rd period - Tomas Kurka wins face-off versus Blake Geoffrion in Patriotes zone.
3:45 of 3rd period - Slapshot by Bobby Sanguinetti.
3:45 of 3rd period - Deflect By Timothy Kunes.
3:45 of 3rd period - Goal by Bobby Sanguinetti - Patriotes : 5 - Carnivores : 2.
3:46 of 3rd period - Mikael Granlund wins face-off versus Christian Hanson in neutral zone.
4:11 of 3rd period - Timothy Kunes is hit by Jeremy Welsh and loses puck.
6:11 of 3rd period - Wrist shot by Andrew Gordon.
6:11 of 3rd period - Stopped by Antti Raanta with a rebound.
6:13 of 3rd period - Snap shot by Tomas Kurka.
6:13 of 3rd period - Stopped by Antti Raanta with a rebound.
6:15 of 3rd period - Slapshot by Stephen Johns.
6:15 of 3rd period - Deflect By Bobby Sanguinetti.
6:15 of 3rd period - Stopped by Antti Raanta with a rebound.
6:23 of 3rd period - Wrist shot by Tomas Kurka.
6:23 of 3rd period - Shot Misses the Net.
6:25 of 3rd period - Snap shot by Christian Hanson.
6:25 of 3rd period - Shot Blocked by Nate Schmidt.
6:27 of 3rd period - Slapshot by Christian Hanson.
6:27 of 3rd period - Shot Misses the Net.
6:29 of 3rd period - Slapshot by Andrew Gordon.
6:29 of 3rd period - Shot Blocked by Bobby Sanguinetti.
7:29 of 3rd period - Wrist shot by Andrew Gordon.
7:29 of 3rd period - Shot Blocked by Chris Lawrence.
8:07 of 3rd period - Snap shot by Christian Hanson.
8:07 of 3rd period - Shot Misses the Net.
8:09 of 3rd period - Snap shot by Christian Hanson.
8:09 of 3rd period - Goal by Christian Hanson - Patriotes : 6 - Carnivores : 2.
8:10 of 3rd period - Zenon Konopka wins face-off versus Mikael Granlund in neutral zone.
8:35 of 3rd period - Matt Calvert is hit by Colton Orr and loses puck.
9:00 of 3rd period - Slapshot by Phil Oreskovic.
9:00 of 3rd period - Shot Misses the Net.
9:30 of 3rd period - Ryan Wilson is hit by Colton Orr and loses puck.
9:53 of 3rd period - Slapshot by Timothy Kunes.
9:53 of 3rd period - Stopped by Antti Raanta without a rebound.
9:54 of 3rd period - Mattias Weinhandl wins face-off versus Colton Orr in Carnivores zone.
10:26 of 3rd period - Snap shot by Blake Geoffrion.
10:26 of 3rd period - Shot Misses the Net.
10:28 of 3rd period - Minor Penalty to Zenon Konopka for Hooking.
10:29 of 3rd period - Mikael Granlund wins face-off versus Barry Tallackson in Patriotes zone.
10:54 of 3rd period - Nate Schmidt is hit by Matt Calvert.
12:28 of 3rd period - Penalty to Zenon Konopka is over, Zenon Konopka is back on ice.
12:33 of 3rd period - Matt Calvert is hit by Zack Smith and loses puck.
12:46 of 3rd period - Colton Orr is hit by Austin Watson and loses puck.
13:31 of 3rd period - Snap shot by Melker Karlsson.
13:31 of 3rd period - Stopped by Antti Raanta with a rebound.
13:45 of 3rd period - Brendan Gallagher is hit by Tomas Kurka and loses puck.
16:17 of 3rd period - Snap shot by Lauri Tukonen.
16:17 of 3rd period - Stopped by Antti Raanta without a rebound.
16:18 of 3rd period - Zenon Konopka wins face-off versus Zack Smith in Carnivores zone.
17:21 of 3rd period - Slapshot by Chris Lawrence.
17:21 of 3rd period - Shot Misses the Net.
17:23 of 3rd period - Backhand shot by Chris Lawrence.
17:23 of 3rd period - Stopped by Marek Schwarz without a rebound.
17:24 of 3rd period - Zenon Konopka wins face-off versus Markus Granlund in Patriotes zone.
17:24 of 3rd period - Zenon Konopka is hit by Bobby Sanguinetti.
17:36 of 3rd period - Wrist shot by Fedor Fedorov.
17:36 of 3rd period - Shot Misses the Net.
18:00 of 3rd period - Wrist shot by Chris Lawrence.
18:00 of 3rd period - Goal by Chris Lawrence - Patriotes : 6 - Carnivores : 3.
18:01 of 3rd period - Christian Hanson wins face-off versus Mikael Granlund in neutral zone.
18:06 of 3rd period - Wrist shot by Ryan Wilson.
18:06 of 3rd period - Stopped by Antti Raanta with a rebound.
18:08 of 3rd period - Slapshot by Ryan Wilson.
18:08 of 3rd period - Stopped by Antti Raanta without a rebound.
18:09 of 3rd period - Christian Hanson wins face-off versus Mikael Granlund in Carnivores zone.
18:55 of 3rd period - Snap shot by Andrew Gordon.
18:55 of 3rd period - Stopped by Antti Raanta with a rebound.
19:07 of 3rd period - Slapshot by Andrew Gordon.
19:07 of 3rd period - Stopped by Antti Raanta without a rebound.
19:08 of 3rd period - Anton Gustafsson wins face-off versus Zenon Konopka in Carnivores zone.
19:08 of 3rd period - Anton Gustafsson is hit by Anthony Bitetto.
19:50 of 3rd period - Jordie Benn is hit by Phil Oreskovic and loses puck.
Goals for this period are 2 for Patriotes vs 2 for Carnivores.
Shots for this period are 14 for Patriotes vs 5 for Carnivores.
Back to the Top